 Dungeon Crawl Stone Soup version 0.22-a0-539-gfbd9004e3f (webtiles) character file.

33 JackS81 the Chopper (level 3, 0/27 HPs)
             Began as a Demonspawn Gladiator on June 24, 2018.
             Succumbed to an adder's poison
             ... on level 2 of the Dungeon.
             The game lasted 00:02:16 (797 turns).

JackS81 the Chopper (Demonspawn Gladiator)           Turns: 797, Time: 00:02:17

Health: 0/27       AC:  3    Str: 14    XL:     3   Next: 12%
Magic:  3/3        EV: 12    Int:  9    God:
Gold:   74         SH:  0    Dex: 15    Spells: 2/2 levels left

rFire    . . .     SeeInvis .   a - +0 war axe
rCold    . . .     Gourm    .   (no shield)
rNeg     . . .     Faith    .   b - +0 leather armour
rPois    .         Spirit   .   (helmet restricted)
rElec    .         Reflect  .   (no cloak)
rCorr    .         Harm     .   (no gloves)
MR       .....                  (no boots)
Stlth    +.........             (no amulet)
HPRegen  0.09/turn              (no ring)
MPRegen  0.08/turn              (no ring)

@: lethally poisoned (0 -> -3), flying, hasted, very quick
A: antennae 1, powered by death 1
a: no special abilities


You were on level 2 of the Dungeon.
You were not hungry.

You visited 1 branch of the dungeon, and saw 2 of its levels.

You collected 74 gold pieces.

Inventory:

Hand Weapons
 a - a +0 war axe (weapon)
Missiles
 d - 3 throwing nets (quivered)
Armour
 b - a +0 leather armour (worn)
 c - a +0 helmet
Comestibles
 f - a ration
 g - 7 chunks of flesh


   Skills:
 - Level 2.0 Fighting
 * Level 3.9 Axes
 - Level 1.7 Throwing
 - Level 2.6 Dodging


You had 2 spell levels left.
You didn't know any spells.
Your spell library was empty.

Dungeon Overview and Level Annotations

Branches:
Dungeon (2/15)

Altars:


Innate Abilities, Weirdness & Mutations

You have a pair of small antennae on your head.
You regenerate a little health from kills.


Message History

* * * LOW HITPOINT WARNING * * *
You feel sick. The adder closely misses you.
It was a potion of haste.
You feel yourself speed up. The adder barely misses you.
The adder bites you but does no damage.
It was a potion of flight.
You feel very buoyant.
You fly up into the air.
You hit the adder.
The adder is almost dead.
* * * LOW HITPOINT WARNING * * *
You feel sick. The adder misses you.
You miss the adder.
The adder is almost dead.
The adder barely misses you. x2
You closely miss the adder.
The adder is almost dead.
The adder closely misses you.
You barely miss the adder.
The adder is almost dead.
You die...

#.# .. #.###
....####.#.#
........).# #..# ##
#.## ##.# #s.###.#
#S#.#..###
####@##.....###
#.........#.#.#..
#.#.##....#.#.#.#
#.##......#.#.#
#.......###.#.## ###
#..##..........# #..
........###....#.###.#
######### #)#..##.##.#
#..#.........


You could see an adder and a giant cockroach.

Vanquished Creatures
  An ooze (D:2)
  3 dart slugs (D:1)
  A bat (D:1)
  3 giant cockroaches
  4 goblins
  3 hobgoblins (D:1)
  A frilled lizard (D:1)
  3 kobolds (D:1)
  A rat (D:1)
20 creatures vanquished.

Notes
Turn   | Place    | Note
-------+----------+-------------------------------------------
     0 | D:1      | JackS81 the Demonspawn Gladiator began the quest for the Orb.
     0 | D:1      | Reached XP level 1. HP: 16/16 MP: 1/1
    14 | D:1      | Reached skill level 3 in Axes
   106 | D:1      | Gained mutation: You have a pair of small antennae on your head. [demonic ancestry]
   106 | D:1      | Reached XP level 2. HP: 22/22 MP: 2/2
   746 | D:2      | Gained mutation: You regenerate a little health from kills. [demonic ancestry]
   746 | D:2      | Reached XP level 3. HP: 22/27 MP: 3/3
   794 | D:2      | HP: 1/27 [poisoned by an adder]
   797 | D:2      | Succumbed to an adder's poison

Vault maps used:
D:1:      scummos_arrival_simple_crosswalls
D:2:      kennysheep_generic_room_3

Skill      XL: |  1 |
---------------+----+-----
Axes           | 3 |  3.9
Fighting       | |  2.0
Throwing       | |  1.7
Dodging        | |  2.6

Action                   || total
-------------------------++-------
Melee: War axe           ||    71
  Use: Potion            ||     2
Armor: Leather armour    ||    18
Dodge: Dodged            ||    56

Table legend:
 A = Spawn XP
 B = Non-spawn XP
 C = Spawn XP percentage of total XP
 D = Spawn monster count
 E = Non-spawn monster count
 F = Spawn count percentage of total count
 G = Total turns spent on level
                    A         B        C        D         E        F      G
               +---------+---------+-------+---------+---------+-------+---------
         Total |       0 |      48 |   0.0 |       0 |      20 |   0.0 |   797
               +---------+---------+-------+---------+---------+-------+---------
           D:1 |       0 |      35 |   0.0 |       0 |      16 |   0.0 |   723
           D:2 |       0 |      13 |   0.0 |       0 |       4 |   0.0 |    74
               +---------+---------+-------+---------+---------+-------+---------
